 Dungeon Crawl Stone Soup version 0.30.1-4-g462c640d31 (webtiles) character file.

Game seed: 1344741482661438785

118 Almogavar the Conjurer (level 4, -9/24 HPs)
             Began as a Deep Elf Conjurer on Aug 14, 2023.
             Killed by divine providence
             ... invoked by an orc priest
              (15 damage)
             ... on level 4 of the Dungeon.
             The game lasted 00:10:07 (2608 turns).

Almogavar the Conjurer (Deep Elf Conjurer)          Turns: 2608, Time: 00:10:09

Health: -9/24      AC:  2    Str: 10    XL:     4   Next: 72%
Magic:  12/12      EV: 12    Int: 25    God:
Gold:   133        SH:  0    Dex: 13    Spells: 4/11 levels left

rFire   . . .        f - +0 dagger
rCold   . . .        (no shield)
rNeg    . . .        a - +0 robe
rPois   .            (no helmet)
rElec   +            (no cloak)
rCorr   .            (no gloves)
SInv    .            (no boots)
Will    +....        (no amulet)
Stlth   +++          d - +6 ring of strength
HPRegen 0.24/turn    n - ring "Becen" {rElec Will+ Stlth+}
MPRegen 0.13/turn

%: no passive effects
@: no status effects
A: no striking features
a: no special abilities


You were on level 4 of the Dungeon.
You visited 1 branch of the dungeon, and saw 4 of its levels.

You collected 133 gold pieces.

Inventory:

Hand Weapons
 f - a +0 dagger (weapon)
Armour
 a - a +0 robe (worn)
 l - a +0 helmet
Jewellery
 d - a +6 ring of strength (left hand)
 n - the ring "Becen" (right hand) {rElec Will+ Stlth+}
   (You found it on level 2 of the Dungeon)

   [ring of willpower]

   rElec:     It insulates you from electricity.
   Will:      It increases your willpower.
   Stlth:     It makes you more stealthy.
 q - a +4 ring of protection
Wands
 k - a wand of polymorph (10)
Scrolls
 e - 2 scrolls of teleportation
 g - a scroll of poison
 j - a scroll of silence {unknown}
 o - a scroll of vulnerability {unknown}
 r - a scroll of identify
Potions
 b - a potion of magic
 c - a potion of might
 i - 2 potions of berserk rage
 m - a potion of brilliance {unknown}
 p - a potion of heal wounds {unknown}


   Skills:
 + Level 3.0 Dodging
 + Level 3.0 Stealth
 - Level 0.3 Unarmed Combat
 + Level 4.3 Spellcasting
 + Level 5.6 Conjurations


You had 4 spell levels left.
You knew the following spells:

 Your Spells              Type           Power      Damage    Failure   Level
a - Magic Dart            Conj           100%       1d8       1%          1
b - Searing Ray           Conj           66%        2d6       1%          2
c - Dazzling Flash        Conj/Hex       38%        N/A       9%          3
d - Summon Small Mammal   Summ           20%        N/A       9%          1

Your spell library contained the following spells:

 Spells                   Type           Power      Damage    Failure   Level
 Apportation              Tloc           10%        N/A       9%          1
 Necrotise                Necr           20%        1d5       9%          1
 Slow                     Hex            20%        N/A       9%          1
 Lesser Beckoning         Tloc           10%        N/A       14%         2
 Confusing Touch          Hex            5%         N/A       26%         3
 Gell's Gravitas          Tloc           5%         N/A       26%         3
 Teleport Other           Tloc           5%         N/A       26%         3
 Vampiric Draining        Necr           5%         2d6       26%         3
 Fulminant Prism          Conj/Hex       9%         3d7       28%         4
 Iskenderun's Mystic Bla  Conj/Tloc      19%        2d6       28%         4
 Summon Forest            Summ/Tloc      2%         N/A       94%         5
 Eringya's Noxious Bog    Tmut/Pois      2%         N/A       100%        6
 Summon Hydra             Summ           2%         N/A       100%        7


Dungeon Overview and Level Annotations

Branches:
Dungeon (4/15)
 Temple: D:4-7

Altars:


Message History

An endoplasm and an orc wizard come into view.
The orc wizard gestures at you while chanting.
The puff of flame hits you!
You hear a shout!
Casting: Magic Dart (safe; 1% risk of failure)
Confirm with . or Enter, or press ? or * to list all spells.
Aiming: Magic Dart (safe; 1% risk of failure)
Press: ? - help, Shift-Dir - straight line, f - orc wizard
Aim: an orc wizard, wielding a +0 dagger and wearing a +0 robe (100% to hit)
The magic dart hits the orc wizard.
The orc wizard is moderately wounded.
An orc wizard comes into view. It is wielding a +0 dagger.
An orc comes into view. It is wielding a +0 hand axe.
The orc wizard gestures at you while chanting.
The magic dart hits you!
The orc wizard gestures at you while chanting.
The puff of flame hits you.
* * * LOW HITPOINT WARNING * * *
The orc wizard points at you and mumbles some strange words.
The magic dart hits you.
* * * LOW HITPOINT WARNING * * *
There is an escape hatch in the floor here.
The orc wizard points at you and mumbles some strange words.
You resist with almost no effort.
You slide downwards.
The hatch slams shut behind you.
The helpless orc fails to defend itself.
You puncture the orc!
You kill the orc!
The orc priest shouts!
The orc shouts! x2
The orc wizard gestures at you while chanting.
You are confused.
The orc barely misses you.
You feel better.
The orc wizard gestures at you while chanting.
The magic dart hits you.
* * * LOW HITPOINT WARNING * * *
The orc priest mumbles some strange prayers to Beogh against you.
Beogh smites you!
Ouch! That really hurt!
You die...

#########. #
#.........
#.##o........
#oo.o........
#)@.......
########.#


You could see an orc priest, an orc wizard and 2 orcs.

Vanquished Creatures
  Robin (D:2)
  A gnoll (D:3)
  An adder (D:2)
  A worm (D:2)
  A dart slug (D:2)
  6 orcs
  5 ball pythons
  9 endoplasms
  A giant cockroach (D:1)
  10 goblins
  6 hobgoblins
  8 jackals
  3 kobolds
  7 bats
  4 frilled lizards
  4 rats
68 creatures vanquished.

Notes
Turn   | Place    | Note
-------+----------+-------------------------------------------
     0 | D:1      | Almogavar the Deep Elf Conjurer began the quest for the
                  | Orb.
     0 | D:1      | Reached XP level 1. HP: 10/10 MP: 6/6
   326 | D:1      | Reached XP level 2. HP: 15/15 MP: 1/8
   329 | D:1      | Learned a level 2 spell: Searing Ray
   563 | D:1      | Reached skill level 5 in Conjurations
   786 | D:1      | Reached XP level 3. HP: 19/19 MP: 4/9
  1303 | D:2      | Noticed Robin
  1316 | D:2      | Killed Robin
  1318 | D:2      | Reached XP level 4. HP: 24/24 MP: 6/11
  1607 | D:2      | Learned a level 3 spell: Dazzling Flash
  1618 | D:2      | Found a faded altar of an unknown god.
  1619 | D:2      | Identified the ring "Becen" {rElec Will+ Stlth+}
  2563 | D:3      | Learned a level 1 spell: Summon Small Mammal
  2608 | D:4      | Killed from afar by an orc priest

Illustrated notes

Levels and vault maps discovered:
D:1:      dpeg_arrival_castle, layout_basic
D:2:      layout_rooms, nicolae_ecumenical_oubliette, uniq_robin
D:3:      layout_basic, minmay_fractal_squares_diagonal_5
D:4:      layout_basic, mainiacjoe_overflow_concentric_impassable,
          mainiacjoe_overflow_boulevard

Skill      XL: |  1  2  3  4 |
---------------+-------------+-----
Conjurations   | 5 |  5.6
Dodging        | 3 |  3.0
Spellcasting   | 4 |  4.3
Stealth        | 3 |  3.0
Unarmed Combat | |  0.3

Action                     |  1- 3 |  4- 6 || total
---------------------------+-------+-------++-------
  Melee: Unarmed           |     6 |     3 ||     9
         Dagger            |     1 |     2 ||     3
   Cast: Magic Dart        |    71 |    45 ||   116
         Searing Ray       |     3 |     8 ||    11
    Use: Scroll            |     3 |     4 ||     7
         Potion            |       |     1 ||     1
   Stab: Sleeping          |     1 |     1 ||     2
 Armour: Robe              |     2 |       ||     2
         Skin              |     1 |       ||     1
  Dodge: Dodged            |     8 |    10 ||    18
